 Dungeon Crawl Stone Soup version 0.31-a0-1008-g5b978dac0e (webtiles) character file.

Game seed: 14681321388726432157

224 Dirtsage the Changeling (level 6, -1/41 HPs)
             Began as an Octopode Shapeshifter on Nov 12, 2023.
             Slain by Pikel
             ... wielding a +2 whip of freezing
              (3 damage)
             ... on level 4 of the Dungeon.
             The game lasted 00:06:02 (3756 turns).

Dirtsage the Changeling (Octopode Shapeshifter)     Turns: 3756, Time: 00:06:03

Health: -1/41      AC:  1    Str: 13    XL:     6   Next: 0%
Magic:  6/6        EV: 13    Int: 12    God:
Gold:   203        SH:  0    Dex: 14    Spells: 5/5 levels left

rFire   . .          .
                       - Unarmed
rCold   . . .        (no shield)
rNeg    . . .        (helmet currently unavailable)
rPois   .            (no amulet)
rElec   .            (no ring)
rCorr   .            (no ring)
SInv    .            (no ring)
Will    .....        (no ring)
Stlth   ++           (no ring)
HPRegen 0.26/turn    (no ring)
MPRegen 0.10/turn    (no ring)
                     (no ring)

%: no passive effects
@: beast-form
A: beast (slay +2), almost no armour, amphibious, 8 rings, camouflage 1,
gelatinous body 1, (nimble swimmer 1), tentacles
a: Begin Untransformation


You were on level 4 of the Dungeon.
You were a hulking beast.
You visited 1 branch of the dungeon, and saw 4 of its levels.

You collected 203 gold pieces.

Inventory:

Talismans
 b - a beast talisman
 c - a flux talisman
Scrolls
 h - a scroll of enchant armour
 i - a scroll of poison
 k - a scroll of enchant weapon
 l - a scroll of noise
Potions
 a - 2 potions of lignification
 d - a potion of haste {unknown}
 e - 2 potions of heal wounds {unknown}
 f - a potion of attraction {unknown}
 g - 2 potions of enlightenment {unknown}
 j - a potion of degeneration {unknown}
 o - a potion of ambrosia {unknown}
 p - a potion of curing {unknown}


   Skills:
 + Level 2.8 Fighting
 - Level 2.0 Dodging
 + Level 4.1 Unarmed Combat
 * Level 4.7 Shapeshifting


You had 5 spell levels left.
You didn't know any spells.
Your spell library contained the following spells:

 Spells                   Type           Power      Damage    Failure   Level
 Sublimation of Blood     Necr           0%         N/A       45%         2
 Petrify                  Tmut/Erth      0%         N/A       97%         4
 Irradiate                Conj/Tmut      0%         3d11      100%        5


Dungeon Overview and Level Annotations

Branches:
Dungeon (4/15)
 Temple: D:4-7

Altars:

Annotations:
D:4 Pikel


Innate Abilities, Weirdness & Mutations

You are a hulking beast.
Your limbs bulge with bestial killing power. (Slay +2)
You cannot wear most types of armour.
You are amphibious.
You can wear up to eight rings at the same time.
Your skin changes colour to match your surroundings (Stealth+).
Your rubbery body absorbs attacks. (AC +1, EV +1)
((You are camouflaged when in or above water. (Stealth+)))
You have tentacles for arms and can constrict up to eight enemies at once.


Message History

There is a stone staircase leading up here.
i - a scroll of poison You see here a +0 ring mail.
Found a stone staircase leading down.
You strike the helpless Pikel from behind!
You tentacle-slap Pikel. You grab Pikel. You squeeze Pikel, but do no damage.
Pikel is lightly wounded.
You constrict Pikel.
Pikel hits you with a +2 whip of freezing!
Pikel freezes you.
You take 12 damage, and have 29/41 hp.
MASSIVE DAMAGE!!
You barely miss Pikel.
Pikel is lightly wounded.
You constrict Pikel. Pikel barely misses you.
You tentacle-slap Pikel but do no damage.
You tentacle-slap Pikel.
Pikel is moderately wounded.
You constrict Pikel.
Pikel hits you with a +2 whip of freezing!
Pikel freezes you.
You take 11 damage, and have 18/41 hp.
MASSIVE DAMAGE!!
You tentacle-slap Pikel but do no damage.
Pikel is moderately wounded.
You constrict Pikel. You tentacle-slap Pikel.
Pikel is moderately wounded.
You constrict Pikel.
Pikel hits you with a +2 whip of freezing!
* * * LOW HITPOINT WARNING * * *
Pikel freezes you.
* * * LOW HITPOINT WARNING * * *
You take 8 damage, and have 10/41 hp.
You tentacle-slap Pikel.
Pikel is heavily wounded.
You constrict Pikel.
Pikel hits you with a +2 whip of freezing!
* * * LOW HITPOINT WARNING * * *
Pikel freezes you.
You die...
Pikel says, "See you in Hell!"

# ##.# #. ####
##.##
#.#######..###..#
#..##.....[#..##
#....#.......##
##..###........##
#..## ##...##....
##..## #...###...
#h...## #..##
#...
#K.##...##..#
#..# ..>##
##....## ####
###... #...#
###...# ....#
#.#. .##.....##
...# #..##
.........## ##.##
#.# .......#..###
###...####..#
...##..###..##
#......#....#
.......# #...##


You could see Pikel.

Vanquished Creatures
  4 lemures (D:4)
  A sleepcap (D:4)
  An orc wizard (D:3)
  8 gnolls
  2 adders
  2 worms
  3 dart slugs
  6 orcs (D:3)
  2 ball pythons
  A bat (D:3)
  7 endoplasms
  6 giant cockroaches
  7 goblins
  5 hobgoblins
  4 jackals
  2 frilled lizards
  2 kobolds (D:1)
  2 rats (D:1)
65 creatures vanquished.

Notes
Turn   | Place    | Note
-------+----------+-------------------------------------------
     0 | D:1      | Dirtsage the Octopode Shapeshifter began the quest for the
                  | Orb.
     0 | D:1      | Reached XP level 1. HP: 13/13 MP: 1/1
   268 | D:1      | Reached XP level 2. HP: 18/18 MP: 2/2
   634 | D:1      | Reached XP level 3. HP: 21/23 MP: 3/3
  1590 | D:3      | Reached XP level 4. HP: 10/29 MP: 4/4
  2309 | D:3      | Reached XP level 5. HP: 24/35 MP: 5/5
  3259 | D:4      | Reached XP level 6. HP: 26/41 MP: 6/6
  3576 | D:4      | Noticed Pikel
  3756 | D:4      | HP: 2/41 [Pikel/+2 whip of freezing (9)]
  3756 | D:4      | Slain by Pikel

Illustrated notes

Levels and vault maps discovered:
D:1:      minmay_arrival_stair_chambers, layout_basic
D:2:      layout_basic, dreamdust_princess_bridge
D:3:      layout_basic
D:4:      layout_layer_cave, uniq_pikel

Skill      XL: |  1  2  3  4  5 |
---------------+----------------+-----
Fighting       | 2 |  2.8
Shapeshifting  | 4 |  4.7
Unarmed Combat | 4 |  4.1
Dodging        | |  2.0

Action                     |  1- 3 |  4- 6 || total
---------------------------+-------+-------++-------
  Melee: Unarmed           |    67 |    96 ||   163
         Constrict         |    13 |    26 ||    39
         Tentacles         |    14 |    23 ||    37
         Punch             |     1 |     6 ||     7
    Use: Scroll            |       |     5 ||     5
   Stab: Sleeping          |     7 |     4 ||    11
         Distracted        |     1 |     1 ||     2
 Armour: Skin              |    17 |    36 ||    53
  Dodge: Dodged            |    25 |    48 ||    73

Table legend: (Time is in decaauts)
 A = Elapsed time spent in this place.
 B = Non-inter-level travel time spent in this place.
 C = Inter-level travel time spent in this place.
 D = Time resting spent in this place.
 E = Time spent auto-exploring this place.
 F = Levels seen in this place.
 G = Mean time per level.
                   A        B        C        D        E       F      G
               +--------+--------+--------+--------+--------+-----+--------+
         Total |   3748 |   3599 |    149 |    192 |   2842 |   4 |  937.0 |
       Dungeon |   3748 |   3599 |    149 |    192 |   2842 |   4 |  937.0 |
               +--------+--------+--------+--------+--------+-----+--------+

Top non-repeatable levels by time:
     D:3: 1103 daAuts
     D:4: 1012 daAuts
     D:1: 870 daAuts
     D:2: 762 daAuts
